 Dungeon Crawl Stone Soup version 0.25.1-2-g60ff931df9 (webtiles) character file.

Game seed: 13092431035504736369

11403 growler the Geomancer (level 11, -3/86 HPs)
             Began as a Demigod Earth Elementalist on Oct 9, 2020.
             Slain by a centaur (5 damage)
             ... on level 11 of the Dungeon.
             The game lasted 00:36:41 (14173 turns).

growler the Geomancer (Demigod Earth Elementalist) Turns: 14173, Time: 00:36:41

Health: -3/86      AC: 12    Str: 11    XL:     11   Next: 25%
Magic:  0/22       EV: 12    Int: 25    God:
Gold:   507        SH:  0    Dex: 22    Spells: 5/20 levels left

rFire    . . .     SeeInvis .     - Unarmed
rCold    . . .     Gourm    .   (no shield)
rNeg     . . .     Faith    .   B - +0 acid dragon scales
rPois    .         Spirit   .   x - +0 helmet
rElec    .         Reflect  .   w - +2 cloak {MR+}
rCorr    +         Harm     .   r - +0 pair of gloves
MR       +++..                  z - +0 pair of boots
Stlth    +++.......             (no amulet)
HPRegen  0.24/turn              l - ring of protection from magic
MPRegen  0.18/turn              L - +6 ring of dexterity

@: marked
A: high mp 1
a: no special abilities


You were on level 11 of the Dungeon.
You were very hungry.

You visited 1 branch of the dungeon, and saw 11 of its levels.

You collected 507 gold pieces.

Inventory:

Hand Weapons
 a - a +0 dagger
   (You took it off a goblin on level 1 of the Dungeon)
 h - a +2 whip of venom
   (You took it off an orc on level 3 of the Dungeon)
 D - a +2 dagger of draining
   (You took it off an orc on level 6 of the Dungeon)
 E - a +2 dagger of electrocution
   (You took it off an orc wizard on level 3 of the Dungeon)
Missiles
 b - 333 stones (quivered)
 q - a throwing net {!f}
Armour
 g - a scarf of invisibility
   (You found it on level 1 of the Dungeon)
 r - a +0 pair of gloves (worn)
   (You found it on level 2 of the Dungeon)
 w - a +2 cloak of magic resistance (worn)
   (You found it on level 4 of the Dungeon)
 x - a +0 helmet (worn)
   (You took it off Robin on level 4 of the Dungeon)
 z - a +0 pair of boots (worn)
   (You found it on level 4 of the Dungeon)
 B - +0 acid dragon scales (worn)
   (You took it off Maggie on level 6 of the Dungeon)
 G - a scarf of repulsion
   (You found it on level 7 of the Dungeon)
 J - the +2 chain mail "Enton" {rElec rN+ MR- Regen+, unknown}
   (You found it on level 8 of the Dungeon)

   It insulates you from electricity.
   It protects you from negative energy.
   It affects your resistance to hostile enchantments.
   It increases your rate of regeneration.
Jewellery
 l - a ring of protection from magic (left hand)
   (You found it on level 6 of the Dungeon)
 o - the cursed ring "Fula" {EV-4 Str+3}
   (You took it off a crimson imp on level 6 of the Dungeon)

   [ring of evasion]

   It affects your evasion (-4).
   It affects your strength (+3).
   It has a curse placed upon it.
 s - an uncursed ring of positive energy
   (You found it on level 7 of the Dungeon)
 L - a +6 ring of dexterity (right hand)
   (You found it on level 8 of the Dungeon)
 N - a +4 ring of protection {unknown}
   (You found it on level 9 of the Dungeon)
Wands
 t - a wand of flame (12)
   (You took it off Pikel on level 6 of the Dungeon)
 u - a wand of paralysis (11)
   (You found it on level 7 of the Dungeon)
 I - a wand of polymorph (16)
   (You took it off a centaur on level 8 of the Dungeon)
Scrolls
 j - 3 scrolls of fog
 k - 3 scrolls of remove curse {@r2}
 m - 4 scrolls of teleportation {@r4}
 n - a scroll of magic mapping {unknown}
 p - 2 scrolls of enchant armour
 y - a scroll of enchant weapon {unknown}
 C - a scroll of noise {unknown}
 F - a scroll of fear {unknown}
 H - 7 scrolls of identify {@r1}
 K - a scroll of silence {unknown}
 M - 2 scrolls of vulnerability {unknown}
 P - a scroll of immolation {unknown}
Potions
 c - a potion of resistance
 d - 2 potions of ambrosia
 f - 6 potions of curing {unknown}
 A - 2 potions of flight
 O - 2 potions of might
 Q - a potion of mutation {unknown}
 R - a potion of cancellation {unknown}
 S - a potion of degeneration {unknown}
Comestibles
 e - 25 rations {!d}


   Skills:
 - Level 5.0 Fighting
 - Level 1.7 Dodging
 - Level 5.0 Stealth
 + Level 8.2 Unarmed Combat
 - Level 5.0 Spellcasting
 - Level 5.0 Conjurations
 + Level 5.2 Transmutations
 - Level 10.0 Earth Magic


You had 5 spell levels left.
You knew the following spells:

 Your Spells              Type           Power        Failure   Level  Hunger
a - Sandblast             Erth           ######       1%          1    None
b - Petrify               Tmut/Erth      #####...     5%          4    ####...
c - Lee's Rapid Deconstr  Erth           ######....   6%          5    #####..
q - Passwall              Tmut/Erth      #####...     1%          2    None
x - Stone Arrow           Conj/Erth      #####.       1%          3    ##.....

Your spell library contained the following spells:

 Spells                   Type           Power        Failure   Level  Hunger
 Beastly Appendage        Tmut           ####..       1%          1    None
 Sticks to Snakes         Tmut           ####....     2%          2    None
 Spider Form              Tmut/Pois      ###.......   13%         3    ##.....
 Blade Hands              Tmut           ####......   38%         5    #####..
 Ice Form                 Ice/Tmut       ###.....     41%         4    ####...


Dungeon Overview and Level Annotations

Branches:
Dungeon (11/15)            Temple (0/1) D:4            Lair (0/6) D:10
    Orc (0/2) D:9

Shops:
D:6 (   D:8 *   D:9 ?

Portals:
Trove: D:10 (give 7 scrolls of blinking)

Annotations:
D:3 2 transporters


Innate Abilities, Weirdness & Mutations

You have an increased reservoir of magic. (+10% MP)


Message History

* * * LOW HITPOINT WARNING * * *
The centaur hits you but does no damage.
Aim: a kobold The blast of sand hits the kobold.
b - 336 stones Something hits you but does no damage.
Something hits you.
* * * LOW HITPOINT WARNING * * *
The centaur barely misses you. x2
Something hits you!
* * * LOW HITPOINT WARNING * * *
The centaur closely misses you.
A rock wall.
The wall shatters!
The blast of rock fragments hits the kobold!!
You kill the kobold!
The blast of rock fragments hits something.
Something hits you but does no damage. Something hits you but does no damage.
The centaur barely misses you. The kobold hits you but does no damage.
The centaur misses you. Something completely misses you.
The centaur hits you but does no damage.
The blast of sand hits something!!
b - 335 stones Something hits you.
* * * LOW HITPOINT WARNING * * *
Something hits you.
* * * LOW HITPOINT WARNING * * *
The centaur hits you but does no damage.
The kobold hits you but does no damage. The centaur hits you.
* * * LOW HITPOINT WARNING * * *
Something hits you but does no damage. The centaur barely misses you.
The blast of sand hits something!!
Reactivating autopickup.
Your Transmutations skill increases to level 5!
You feel a bit more experienced.
b - 334 stones The centaur hits you.
* * * LOW HITPOINT WARNING * * *
The kobold misses you.
The centaur hits you but does no damage.
The centaur barely misses you.
Okay, then.
Aim: a centaur, quivering 19 arrows (heavily wounded)
The blast of sand hits the centaur!!
You kill the centaur!
b - 333 stones The centaur hits you.
You die...

#........#
#........#
#....(...#
#.../.(..#
#.....(..#
#.####(..#
#.
#(..###..
#.
#.)......
#@K######
#c)# #..#
#..# #..#
#..# #?.#
#..#


You could see a centaur and a kobold.

Vanquished Creatures
  Snorg (D:10)
  Harold (D:7)
  Erica (D:10)
  An unseen horror (D:11)
  Pikel (D:6)
  Psyche (D:10)
  Maggie (D:6)
  Grinder (D:4)
  4 slime creatures (D:10)
  3 hippogriffs
  Sigmund (D:6)
  A vampire (D:11)
  2 hungry ghosts
  Menkaure (D:6)
  5 wargs
  A water moccasin (D:10)
  3 orc warriors (D:6)
  A sky beast (D:9)
  2 black bears
  3 ice beasts
  2 slaves (D:6)
  6 phantoms
  4 ogres
  6 centaurs
  A crocodile (D:9)
  6 bullfrogs
  A gnoll sergeant (D:10)
  2 scorpions
  4 wights (D:7)
  2 howler monkeys
  5 crimson imps
  A quasit (D:10)
  Crazy Yiuf (D:7)
  A centaur skeleton (D:10)
  3 jellies (D:9)
  8 orc priests
  5 hounds
  13 orc wizards
  2 bullfrog skeletons (D:4)
  Terence (D:3)
  3 iguanas
  5 worker ants
  A hound zombie (D:5)
  A howler monkey zombie (D:5)
  Robin (D:4)
  13 gnolls
  14 adders
  2 shadow imps (D:6)
  6 oozes
  2 worms (D:2)
  3 dart slugs (D:1)
  4 leopard geckos
  50 orcs
  8 bats
  A giant cockroach (D:1)
  12 hobgoblins
  9 jackals
  7 kobolds
  4 quokkas
  3 ball pythons
  7 frilled lizards
  25 goblins
  7 rats
297 creatures vanquished.

Vanquished Creatures (others)
  A slave (D:6)
  A hound (D:6)
  5 plants (D:9)
7 creatures vanquished.

Grand Total: 304 creatures vanquished

Notes
Turn   | Place    | Note
-------+----------+-------------------------------------------
     0 | D:1      | growler the Demigod Earth Elementalist began the quest for
                  | the Orb.
     0 | D:1      | Reached XP level 1. HP: 14/14 MP: 5/5
    21 | D:1      | Reached skill level 3 in Earth Magic
   230 | D:1      | Reached XP level 2. HP: 20/20 MP: 7/7
  1089 | D:2      | Reached XP level 3. HP: 26/26 MP: 5/8
  1179 | D:2      | Learned a level 2 spell: Passwall
  1183 | D:2      | Learned a level 3 spell: Stone Arrow
  1312 | D:2      | You fall into a shaft and drop 1 floor!
  1320 | D:3      | Found a sacrificial altar of Ru.
  1325 | D:3      | Reached skill level 4 in Earth Magic
  1532 | D:3      | Reached XP level 4. HP: 21/33 MP: 9/9
  1995 | D:3      | Found a transporter.
  2025 | D:3      | Noticed an ogre
  2273 | D:2      | Found a snail-covered altar of Cheibriados.
  2605 | D:3      | Killed an ogre
  2605 | D:3      | Reached skill level 5 in Earth Magic
  2605 | D:3      | Reached XP level 5. HP: 28/38 MP: 4/10
  2817 | D:3      | Found a faded altar of an unknown god.
  2825 | D:3      | Reached skill level 6 in Earth Magic
  3007 | D:3      | Noticed Terence
  3016 | D:3      | Killed Terence
  3016 | D:3      | Reached XP level 6. HP: 39/45 MP: 4/11
  3090 | D:3      | Found a transporter.
  3172 | D:3      | Found a hide-covered altar of Uskayaw.
  3374 | D:3      | Reached skill level 7 in Earth Magic
  4121 | D:4      | Found a staircase to the Ecumenical Temple.
  4126 | D:4      | Noticed Robin
  4435 | D:4      | Killed Robin
  4443 | D:4      | Reached XP level 7. HP: 18/50 MP: 5/14
  4906 | D:4      | Noticed Grinder
  4914 | D:4      | Killed Grinder
  4914 | D:4      | Reached skill level 8 in Earth Magic
  5268 | D:5      | Entered Level 5 of the Dungeon
  5293 | D:5      | Found a sparkling altar of Nemelex Xobeh.
  5514 | D:5      | Found a shimmering blue altar of Sif Muna.
  5582 | D:5      | Reached XP level 8. HP: 57/57 MP: 15/17
  5897 | D:5      | Learned a level 4 spell: Petrify
  5903 | D:5      | Learned a level 5 spell: Lee's Rapid Deconstruction
  6009 | D:5      | Found an iron altar of Okawaru.
  6264 | D:6      | Noticed Sigmund
  6269 | D:6      | Reached skill level 9 in Earth Magic
  6285 | D:6      | Killed Sigmund
  6532 | D:6      | Found a stormy altar of Qazlal.
  6599 | D:6      | Reached skill level 10 in Earth Magic
  6599 | D:6      | Reached skill level 1 in Transmutations
  6614 | D:6      | Reached skill level 1 in Conjurations
  6828 | D:6      | Identified the cursed ring "Fula" {EV-4 Str+3}
  6866 | D:6      | Noticed Menkaure
  6870 | D:6      | Killed Menkaure
  6907 | D:6      | Reached XP level 9. HP: 62/62 MP: 2/18
  7010 | D:6      | Noticed Maggie
  7015 | D:6      | Killed Maggie
  7172 | D:6      | Found a shimmering blue altar of Sif Muna.
  7277 | D:6      | Noticed Pikel
  7290 | D:6      | Killed Pikel
  7290 | D:6      | Reached skill level 5 in Conjurations
  7601 | D:6      | Found Wiebouni's Weapon Emporium.
  7715 | D:6      | Found a shimmering blue altar of Sif Muna.
  7888 | D:7      | Reached skill level 5 in Spellcasting
  8410 | D:7      | Noticed Harold
  8433 | D:7      | Killed Harold
  8433 | D:7      | Reached skill level 5 in Stealth
  8433 | D:7      | Reached XP level 10. HP: 36/75 MP: 11/21
  9096 | D:7      | Found a runed translucent door.
  9097 | D:7      | Noticed Crazy Yiuf
  9137 | D:7      | Killed Crazy Yiuf
  9284 | D:8      | Got a bloodstained chain mail
  9308 | D:8      | Found Nirut's Elemental Accessories.
  9365 | D:8      | Found a bloodstained altar of Trog.
 10626 | D:9      | Reached skill level 5 in Fighting
 10644 | D:9      | Reached skill level 1 in Unarmed Combat
 11064 | D:9      | Found Wonug's Magic Scroll Shop.
 11066 | D:9      | Found a burning altar of Makhleb.
 11183 | D:9      | Found a hazy altar of Hepliaklqana.
 11298 | D:9      | Found a staircase to the Orcish Mines.
 11916 | D:10     | Entered Level 10 of the Dungeon
 11916 | D:10     | Noticed Snorg
 11970 | D:10     | Killed Snorg
 11970 | D:10     | Reached skill level 5 in Unarmed Combat
 12408 | D:10     | Noticed Erica
 12423 | D:10     | Killed Erica
 13072 | D:10     | Reached XP level 11. HP: 52/86 MP: 2/22
 13298 | D:10     | Found a staircase to the Lair.
 13612 | D:10     | Found a portal to a secret trove of treasure.
 13731 | D:10     | Noticed Psyche
 13736 | D:10     | Killed Psyche
 14118 | D:11     | Found a hide-covered altar of Uskayaw.
 14172 | D:11     | Killed an unseen horror
 14172 | D:11     | Reached skill level 5 in Transmutations
 14172 | D:11     | HP: 2/86 [centaur (3)]
 14173 | D:11     | Slain by a centaur

Illustrated notes

Levels and vault maps discovered:
D:1:      lightli_arrival_statuegarden, layout_loops_ring
D:2:      layout_loops_ring, lemuel_round_altar
D:3:      gammafunk_wand_slinger, layout_rooms,
          nicolae_ru_great_annihilating_truth, nicolae_overflow_crystal_walls,
          chequers_ecumenical_altar_simple, minmay_ogre_servants, uniq_terence
D:4:      layout_cave_pools, temple_fountains, serial_rivers,
          chequers_serial_rivers_room_a, chequers_serial_rivers_marsh,
          chequers_serial_rivers_room_b, chequers_serial_rivers_small_b,
          chequers_serial_rivers_micro_a, uniq_grinder, uniq_robin
D:5:      layout_basic, lemuel_round_altar, okawaru_altar_gauntlet_db,
          lemuel_doored_altar, first_ration
D:6:      kennysheep_orc_sif_temple, layout_basic,
          nicolae_qazlal_eye_of_the_storm, serial_shops, shop,
          lemuel_blue_sif_altar, uniq_pikel, uniq_sigmund, uniq_maggie,
          uniq_menkaure
D:7:      layout_gridville, uniq_harold, uniq_crazy_yiuf_cottage
D:8:      layout_loops_ring, lightli_temple_of_fire, nicolae_elemental_shop
D:9:      layout_roguey, kennysheep_little_box, bloody_makhleb,
          minmay_orc_entry_guard_dogs, serial_shops, shop,
          hangedman_little_slice_of_home, minmay_lizard_king
D:10:     layout_cave_pods, erik_lair_orcish_takeover,
          nicolae_trove_entry_crossroad, enter_bailey_8, uniq_erica,
          uniq_psyche, uniq_snorg
D:11:     layout_long_grid, basic_altar, serial_shops, bzr_entry_customers,
          minmay_beelzebubs_servants

Skill      XL: |  1  2  3  4  5  6  7  8  9 10 11 |
---------------+----------------------------------+-----
Spellcasting   | 2 4 5 |  5.0
Earth Magic    | 3 4 5 6 7 8 10 | 10.0
Transmutations | 3 4 5 |  5.2
Conjurations   | 2 5 |  5.0
Stealth        | 5 |  5.0
Fighting       | 2 5 |  5.0
Unarmed Combat | 7 8 |  8.2
Dodging        | |  1.7

Action                   |  1- 3 |  4- 6 |  7- 9 | 10-12 || total
-------------------------+-------+-------+-------+-------++-------
Melee: Hand axe          |    42 |       |       |       ||    42
       Dagger            |    43 |    84 |   175 |   109 ||   411
       Whip              |       |    96 |       |       ||    96
       Unarmed           |       |       |       |    26 ||    26
       Punch             |       |       |       |     7 ||     7
 Cast: Sandblast         |    18 |    57 |    41 |    27 ||   143
       Stone Arrow       |       |       |    36 |    92 ||   128
       Petrify           |       |       |     9 |     9 ||    18
       Lee's Rapid Decon |       |       |     5 |     7 ||    12
  Use: Scroll            |     5 |       |     9 |       ||    14
       Potion            |       |       |       |     3 ||     3
 Stab: Sleeping          |     7 |     1 |       |     1 ||     9
       Paralysed         |     1 |       |       |       ||     1
       Distracted        |       |       |     1 |     1 ||     2
       Petrified         |       |       |    27 |    15 ||    42
       Petrifying        |       |       |     2 |       ||     2
  Eat: Chunk             |     2 |     6 |    17 |    24 ||    49
       Ration            |       |     1 |       |       ||     1
Armor: Robe              |    20 |     7 |       |       ||    27
       Leather armour    |       |    69 |    51 |       ||   120
       Acid dragon scale |       |       |     9 |   115 ||   124
       Skin              |       |       |       |    15 ||    15
Dodge: Dodged            |    57 |   168 |    95 |   157 ||   477
